 Seeded DCSS version 0.30.1-4-g462c640d31 (webtiles) character file.

Game seed: 15140874439476535185 (custom seed)

72 Psyclone the Stinger (level 4, -12/27 HPs)
             Began as an Octopode Venom Mage on Sept 18, 2023.
             Was an Initiate of Gozag.
             Mangled by an ogre
             ... wielding a +0 giant spiked club
              (29 damage)
             ... on level 3 of the Dungeon.
             The game lasted 00:04:07 (2321 turns).

Psyclone the Stinger (Octopode Venom Mage)          Turns: 2321, Time: 00:04:08

Health: -12/27     AC:  1    Str:  7    XL:     4   Next: 26%
Magic:  1/7        EV: 13    Int: 19    God:    Gozag
Gold:   133        SH:  0    Dex: 12    Spells: 4/7 levels left

rFire   . . .        c - +0 short sword
rCold   . . .        (no shield)
rNeg    . . .        (helmet restricted)
rPois   .            (no amulet)
rElec   .            (no ring)
rCorr   .            (no ring)
SInv    .            (no ring)
Will    .....        (no ring)
Stlth   +++          (no ring)
HPRegen 0.24/turn    (no ring)
MPRegen 0.10/turn    (no ring)
                     (no ring)

%: no passive effects
@: no status effects
A: almost no armour, amphibious, 8 rings, camouflage 1, gelatinous body 1,
(nimble swimmer 1), tentacles
a: Renounce Religion, Potion Petition, Call Merchant, Bribe Branch


You were on level 3 of the Dungeon.
You worshipped Gozag.
Gozag was aware of your devotion.
You visited 1 branch of the dungeon, and saw 3 of its levels.

You collected 157 gold pieces.
You paid 24 gold pieces to Gozag.

Inventory:

Hand Weapons
 c - a +0 short sword (weapon)
Jewellery
 p - a ring of ice
Scrolls
 b - 2 scrolls of teleportation {unknown}
 h - 2 scrolls of fear {unknown}
 i - 2 scrolls of fog {unknown}
 j - a scroll of vulnerability {unknown}
 l - a scroll of identify {unknown}
 n - a scroll of noise {unknown}
Potions
 a - 4 potions of magic
 d - a potion of ambrosia {unknown}
 e - a potion of haste {unknown}
 f - 2 potions of resistance {unknown}
 g - 3 potions of curing {unknown}
 k - a potion of mutation {unknown}
 m - 2 potions of heal wounds {unknown}
 o - a potion of degeneration {unknown}


   Skills:
 - Level 2.0 Dodging
 - Level 2.6 Stealth
 + Level 2.0 Spellcasting
 - Level 1.0 Transmutations
 - Level 6.0 Poison Magic


You had 4 spell levels left.
You knew the following spells:

 Your Spells              Type           Power      Damage    Failure   Level
a - Poisonous Vapours     Pois/Air       26%        N/A       8%          2
b - Sting                 Tmut/Pois      60%        1d6       4%          1

Your spell library contained the following spells:

 Spells                   Type           Power      Damage    Failure   Level
 Olgreb's Toxic Radiance  Pois           24%        N/A       14%         4
 Wereblood                Tmut           5%         N/A       17%         2
 Mephitic Cloud           Conj/Pois/Air  9%         N/A       22%         3
 Sublimation of Blood     Necr           1%         N/A       26%         2
 Summon Hydra             Summ           0%         N/A       100%        7


Dungeon Overview and Level Annotations

Branches:
Dungeon (3/15) Zot: 15679

Altars:
Gozag


Innate Abilities, Weirdness & Mutations

You cannot wear most types of armour.
You are amphibious.
You can wear up to eight rings at the same time.
Your skin changes colour to match your surroundings (Stealth+).
Your rubbery body absorbs attacks. (AC +1, EV +1)
((You are camouflaged when in or above water. (Stealth+)))
You have tentacles for arms and can constrict up to eight enemies at once.


Message History

You now have 3/7 mp.
Casting: Poisonous Vapours (safe; 8% risk of failure)
Confirm with . or Enter, or press ? or * to list all spells.
Aiming: Poisonous Vapours (safe; 8% risk of failure)
Press: ? - help, Dir - move target, f/p - ogre
Aim: an ogre, wielding a +0 giant spiked club (lightly wounded, very poisoned)
You miscast Poisonous Vapours.
You are very lightly contaminated with residual magic.
Nothing appears to happen.
A goblin comes into view. It is wielding a +0 club.
You now have 1/7 mp.
Casting: Poisonous Vapours (safe; 8% risk of failure)
Confirm with . or Enter, or press ? or * to list all spells.
You don't have enough magic to cast this spell.
Unknown command.
Your magical contamination has completely faded away.
Casting: Poisonous Vapours (safe; 8% risk of failure)
Confirm with . or Enter, or press ? or * to list all spells.
Aiming: Poisonous Vapours (safe; 8% risk of failure)
Press: ? - help, Dir - move target, f/p - ogre
Aim: an ogre, wielding a +0 giant spiked club (moderately wounded, poisoned) Poisonous vapours surround the ogre!
The ogre looks even sicker.
You now have 0/7 mp.
Found a pink potion.
A rat comes into view.
You hit the ogre.
The ogre is severely wounded.
The ogre misses you.
You barely miss the ogre.
The ogre is severely wounded.
You barely miss the ogre. Your squeeze misses the ogre.
The ogre is severely wounded.
The ogre hits you with a +0 giant spiked club!
You take 10 damage, and have 17/27 hp.
MASSIVE DAMAGE!!
You hit the ogre.
The ogre is severely wounded.
The ogre hits you with a +0 giant spiked club!!
Ouch! That really hurt!
You die...
Your body crumbles into a pile of gold.

#. #.#... . ##.
##!........ #.
...##....#.#... g..
.......###.#... !...
.............. #...#
..............###....#
..........# #........
.........#####..##.##..#
.#...#<........O@.......
#...#.............##...
##...#....########.#
#...>....## ...
##.......... ..#
#...##..### .r..
#...##...# #.##
#...###..# .. #...# ...


You could see an ogre (poisoned) and a rat (asleep).

Vanquished Creatures
  An adder (D:2)
  A worm (D:2)
  5 dart slugs
  3 ball pythons
  2 bats
  9 endoplasms
  2 goblins (D:1)
  7 hobgoblins
  5 kobolds
  A quokka (D:2)
  2 frilled lizards
  10 rats
48 creatures vanquished.

Notes
Turn   | Place    | Note
-------+----------+-------------------------------------------
     0 | D:1      | Psyclone the Octopode Venom Mage began the quest for the
                  | Orb.
     0 | D:1      | Reached XP level 1. HP: 11/11 MP: 3/3
    69 | D:1      | Reached skill level 4 in Poison Magic
   155 | D:1      | Reached XP level 2. HP: 17/17 MP: 1/5
   292 | D:1      | Learned a level 2 spell: Poisonous Vapours
   320 | D:1      | Reached skill level 5 in Poison Magic
   320 | D:1      | Reached XP level 3. HP: 21/21 MP: 1/6
  1190 | D:2      | Found an opulent altar of Gozag.
  1194 | D:2      | Found a faded altar of an unknown god.
  1198 | D:2      | Became a worshipper of Gozag Ym Sagoz the Greedy
  1900 | D:2      | Reached XP level 4. HP: 27/27 MP: 7/7
  2059 | D:2      | Reached skill level 6 in Poison Magic
  2301 | D:3      | Noticed an ogre
  2321 | D:3      | Mangled by an ogre

Illustrated notes

Levels and vault maps discovered:
D:1:      lightli_arrival_isolated_outpost, layout_basic
D:2:      minmay_alternating_diamond, layout_basic, basic_altar,
          basic_ecumenical_altar, serial_forest, infiniplex_forest_end_2,
          infiniplex_forest_clump_curved, infiniplex_forest_lined_2,
          infiniplex_forest_pool, infiniplex_forest_lined_3,
          infiniplex_forest_clump_curved
D:3:      layout_rooms, led_sif_pool, serial_shops,
          nicolae_shop_window_shopping, shop, shop,
          nicolae_shop_just_a_little_nook, nicolae_shop_real_fake_doors,
          minmay_misc_feat_x, st_stairs_9, uniq_grinder

Skill      XL: |  1  2  3  4 |
---------------+-------------+-----
Poison Magic   | 4 5 6 |  6.0
Dodging        | |  2.0
Stealth        | |  2.6
Spellcasting   | |  2.0
Transmutations | |  1.0

Action                     |  1- 3 |  4- 6 || total
---------------------------+-------+-------++-------
  Melee: Unarmed           |    17 |       ||    17
         Constrict         |    15 |       ||    15
         Tentacles         |    18 |     1 ||    19
         Short sword       |    57 |    13 ||    70
   Cast: Sting             |    15 |       ||    15
         Poisonous Vapours |     9 |     5 ||    14
   Stab: Sleeping          |     3 |     2 ||     5
 Armour: Skin              |     8 |       ||     8
  Dodge: Dodged            |    50 |     2 ||    52
